 Dungeon Crawl Stone Soup version 0.27.1-33-g824d729ab1 (webtiles) character file.

Game seed: 17268076948742575268

4 Descartes the Grasshopper (level 1, 0/9 HPs)
             Began as a Felid Warper on Dec 9, 2021.
             Slain by a quokka (4 damage)
             ... on level 1 of the Dungeon.
             The game lasted 00:00:52 (300 turns).

Descartes the Grasshopper (Felid Warper)             Turns: 300, Time: 00:00:52

Health: 0/9        AC:  1    Str:  7    XL:     1   Next: 58%
Magic:  4/4        EV: 14    Int: 14    God:
Gold:   13         SH:  0    Dex: 15    Spells: 4/4 levels left
                                        Lives:  0   Deaths: 0

rFire    . . .     SeeInvis +     - Unarmed
rCold    . . .     Faith    .   (shield unavailable)
rNeg     . . .     Spirit   .   (armour unavailable)
rPois    .         Reflect  .   (helmet unavailable)
rElec    .         Harm     .   (cloak unavailable)
rCorr    .         Rampage  .   (gloves unavailable)
Will     .....                  (boots unavailable)
Stlth    ++........             (no amulet)
HPRegen  0.03/turn              (no ring)
MPRegen  0.09/turn              (no ring)

@: constricted, quick
A: very small, claws 1, fangs 3, see invisible, speed 1, shaggy fur 1, stealthy
paws, no weapons or thrown items, no armour, multi-lived
a: no special abilities


You were on level 1 of the Dungeon.
You visited 1 branch of the dungeon, and saw 1 of its levels.

You collected 13 gold pieces.

Inventory:

Missiles
 d - 19 stones
Scrolls
 a - a scroll of blinking
Potions
 b - a potion of heal wounds {unknown}
 c - 2 potions of lignification {unknown}


   Skills:
 - Level 2.0 Fighting
 + Level 3.3 Dodging
 + Level 0.6 Stealth
 + Level 2.1 Unarmed Combat
 - Level 2.0 Spellcasting
 + Level 4.5 Translocations


You had 4 spell levels left.
You didn't know any spells.
Your spell library contained the following spells:

 Spells                   Type           Power      Damage    Failure   Level
 Blink                    Tloc           N/A        N/A       5%          2
 Gell's Gravitas          Tloc           7%         N/A       11%         3
 Lesser Beckoning         Tloc           7%         N/A       11%         3
 Teleport Other           Tloc           14%        N/A       11%         3
 Manifold Assault         Tloc           14%        N/A       71%         5


Dungeon Overview and Level Annotations

Branches:
Dungeon (1/15)

Altars:


Innate Abilities, Weirdness & Mutations

You have sharp claws.
You have razor-sharp teeth.
You have supernaturally acute eyesight. (SInv)
You cover ground quickly. (Speed+)
You are covered in fur. (AC +1)
Your paws help you pounce on unaware monsters.
You are incapable of wielding weapons or throwing items.
You cannot wear armour.
You gain extra lives every three experience levels.


Message History

The bat is moderately wounded.
The bat hits you.
You are too injured to fight recklessly!
You are too injured to fight recklessly!
You are too injured to fight recklessly!
You are too injured to fight recklessly!
You are too injured to fight recklessly!
You are too injured to fight recklessly!
A bat is nearby!
You are too injured to fight recklessly!
You barely miss the bat.
The bat is moderately wounded.
The bat completely misses you.
You closely miss the bat. Your bite misses the bat.
The bat is moderately wounded.
The bat misses you.
You miss the bat.
The bat is moderately wounded.
The bat misses you.
You scratch the bat.
You kill the bat!
HP restored.
c - 2 smoky orange potions (gained 1)
You see here a rat skeleton.
Things that are here:
a +0 dagger; a goblin skeleton
d - 19 stones A quokka comes into view.
A ball python comes into view.
The ball python hisses angrily.
The ball python misses you. The ball python grabs you.
The ball python constricts you.
You barely miss the ball python. The ball python closely misses you.
The ball python constricts you.
You barely miss the ball python. The ball python bites you.
The ball python constricts you.
You completely miss the ball python. The quokka barely misses you.
The ball python barely misses you. The ball python constricts you.
The quokka bites you.
You die...

#. #..........
#.#
#.........#
.## #.#
#.........#
.... ...
#..........
#..##.#
#.####.####
...#.# #.
#.....
#..##### #
######
#r....##.# #
#@.......# #
#..S####.#####
# ##.#
#.....########
...
#####.........
### ##########


You could see a quokka and a ball python.

Vanquished Creatures
  A goblin (D:1)
  A hobgoblin (D:1)
  A ball python (D:1)
  A bat (D:1)
  A rat (D:1)
5 creatures vanquished.

Notes
Turn   | Place    | Note
-------+----------+-------------------------------------------
     0 | D:1      | Descartes the Felid Warper began the quest for the Orb.
     0 | D:1      | Reached XP level 1. HP: 9/9 MP: 4/4
   300 | D:1      | Slain by a quokka

Illustrated notes

Levels and vault maps discovered:
D:1:      dpeg_arrival_more_subterranean_lakeside_camping, layout_loops_ring,
          ebering_ecumenical_altar_mist, minmay_splitting_lines

Action                   || total
-------------------------++-------
Melee: Unarmed           ||    21
       Bite              ||     1
Dodge: Dodged            ||    17
